 Dungeon Crawl Stone Soup version 0.27-a0-577-ge2a43ba0c9 (webtiles) character file.

Game seed: 2918614824106095850

10028 siradein the Grappler (level 11, -24/77 HPs)
             Began as a White Draconian Transmuter on Mar 10, 2021.
             Was an Elder of Makhleb.
             Annihilated by a boulder beetle (32 damage)
             ... on level 10 of the Dungeon.
             The game lasted 00:50:13 (14420 turns).

siradein the Grappler (White Draconian Transmuter) Turns: 14420, Time: 00:50:14

Health: -24/77     AC: 13    Str: 19    XL:     11   Next: 30%
Magic:  32/32      EV: 12    Int: 14    God:    Makhleb [****..]
Gold:   630        SH:  0    Dex: 13    Spells: 4/14 levels left

rFire    . . .     SeeInvis .     - Unarmed
rCold    + . .     Faith    .   (no shield)
rNeg     . . .     Spirit   .   (armour unavailable)
rPois    .         Reflect  .   (helmet currently unavailable)
rElec    +         Harm     .   G - +2 cloak
rCorr    +         Rampage  .   D - +2 pair of gloves "Oroshrosk" {-Tele rCorr Stlth+}
Will     .....     Clarity  +   (boots currently unavailable) Stlth ++........NoTele +
                                (no amulet)
HPRegen  0.22/turn              z - ring of magical power
MPRegen  0.23/turn              y - ring "Ofeggogo" {rElec MP+9 Str+3}

@: appendages, studying Crossbows
A: breathe frost, unfitting armour, horns 2, stinger 1, talons 2, clarity, cold
resistance 1, strong 1, cold-blooded, AC +7
a: Breathe Frost, End Transformation, Renounce Religion, Minor Destruction,
Lesser Servant of Makhleb, Major Destruction


You were on level 10 of the Dungeon.
You worshipped Makhleb.
Makhleb was greatly pleased with you.
You had grown temporary horns.
You had grown temporary talons.
You visited 1 branch of the dungeon, and saw 11 of its levels.

You collected 630 gold pieces.

Inventory:

Hand Weapons
 m - a +2 scimitar of flaming
Armour
 D - the +2 pair of gloves "Oroshrosk" (worn) {-Tele rCorr Stlth+}
   (You found it on level 10 of the Dungeon)

   It prevents most forms of teleportation.
   It provides partial protection from all sources of acid and corrosion.
   It makes you more stealthy.
 G - a +2 cloak (worn)
Jewellery
 c - a ring of protection from fire
 f - a ring of ice
 j - a +6 ring of dexterity
 l - a ring of positive energy
 r - a +6 ring of intelligence
 s - a ring of fire
 y - the ring "Ofeggogo" (right hand) {rElec MP+9 Str+3}
   (You found it on level 8 of the Dungeon)

   [ring of magical power]

   It affects your strength (+3).
   It insulates you from electricity.
   It affects your magic capacity (+9).
 z - a ring of magical power (left hand)
Wands
 h - a wand of acid (10)
 C - a wand of flame (15)
Scrolls
 a - 5 scrolls of teleportation
 e - 3 scrolls of fear
 g - 3 scrolls of blinking
 i - 3 scrolls of enchant weapon
 k - 3 scrolls of enchant armour
 n - a scroll of amnesia
 o - 3 scrolls of random uselessness
 t - a scroll of holy word
 u - 2 scrolls of fog
 w - a scroll of acquirement
 A - a scroll of vulnerability {unknown}
 F - a scroll of magic mapping {unknown}
Potions
 b - 6 potions of heal wounds
 d - 3 potions of curing
 p - a potion of magic
 q - a potion of flight
 v - 2 potions of attraction
 x - a potion of lignification
 B - a potion of haste
Miscellaneous
 E - a condenser vane


   Skills:
 - Level 1.1 Fighting
 - Level 1.7 Dodging
 + Level 14.1 Unarmed Combat
 - Level 2.0 Spellcasting
 + Level 10.7 Transmutations


You had 4 spell levels left.
You knew the following spells:

 Your Spells              Type           Power      Damage    Failure   Level
a - Beastly Appendage     Tmut           62%        N/A       1%          1
b - Wereblood             Tmut           31%        N/A       1%          2
c - Spider Form           Tmut/Pois      8%         N/A       8%          3
d - Ice Form              Ice/Tmut       16%        N/A       26%         4

Your spell library contained the following spells:

 Spells                   Type           Power      Damage    Failure   Level
 Blade Hands              Tmut           15%        N/A       9%          5


Dungeon Overview and Level Annotations

Branches:
Dungeon (11/15)            Temple (0/1) D:7             Orc (0/2) D:10
   Lair: D:8-11

Altars:
Ashenzari
Dithmenos
Fedhas
Gozag
Kikubaaqudgha
Makhleb
Nemelex Xobeh
Okawaru
Qazlal
Trog
Uskayaw
Yredelemnul
Zin

Annotations:
D:3 2 transporters
D:8 1 runed translucent door, sraybest's ghost, novice TrFi


Innate Abilities, Weirdness & Mutations

You can breathe waves of freezing cold.
You can buffet flying creatures when you breathe cold.
Your icy white scales are hard. (AC +7)
You cannot fit into any form of body armour.
Your flesh is cold resistant. (rC+)
You are cold-blooded and may be slowed by cold attacks.
You have a pair of horns on your head.
Your tail ends in a poisonous barb.
You have razor-sharp toenails.
You possess an exceptional clarity of mind.
Your muscles are strong. (Str +2)


Message History

Found 38 gold pieces.
There is a stone staircase leading up here.
As you read the scroll of enchant armour, it crumbles to dust.
Your +0 cloak glows green for a moment.
As you read the scroll of enchant armour, it crumbles to dust.
Your +1 cloak glows green for a moment.
You now have 614 gold pieces (gained 22).
You now have 630 gold pieces (gained 16).
A quokka comes into view.
A quokka is nearby!
A bullfrog, a boulder beetle and a scorpion come into view.
Found 34 gold pieces.
Casting: Beastly Appendage (safe; 1% risk of failure)
Press: ? - help, Q - select action, (/) - cycle Dir - look around, f - activate You grow a pair of large bovine horns.
Your feet morph into talons.
The quokka bites you but does no damage.
The boulder beetle curls into a ball and begins rolling!
You punch the quokka!
You kill the quokka!
Makhleb accepts your kill. The boulder beetle hits you!!!
Ouch! That really hurt!
* * * LOW HITPOINT WARNING * * *
The boulder beetle stops rolling and uncurls.
You hear a loud, deep croak!
You hear an angry hiss.
There is a stone staircase leading up here.
The boulder beetle bites you!
* * * LOW HITPOINT WARNING * * *
You climb upwards.
There is a stone staircase leading down here.
Things that are here:
a +0 plate armour; a +0 halberd Unknown command.
There is an open door here.
The boulder beetle curls into a ball and begins rolling!
As you read the scroll of fear, it crumbles to dust.
You assume a fearsome visage.
The boulder beetle resists with some effort.
The boulder beetle hits you!!
You die...

######## #.......#
#.... #......#
#.......# ###....
#......# #.......#
#...... #......#
#.......# ##.#....
#......####.......#
##..#....
#..).....##.......#
#..##....
#.<..>.#.##.......#
#.###....
#.[[...#°##.......###.#
#....
#......#.°°B@.....##..#
#....
####.######.......'..##
#.... ##..#
#.......#### #....
#..## #.......# ##.##
#.## ######'## #...
##.####### #.# ###.
#........# #.# ###'
#........# #.# #...
#.)).....# #.# #...


You could see a boulder beetle.

Vanquished Creatures
  Erica (D:8)
  2 two-headed ogres (D:9)
  An unseen horror (D:7)
  Joseph (D:9)
  Maggie (D:10)
  An efreet (D:10)
  A troll (D:10)
  3 yaks (D:10)
  Grum (D:8)
  A steam dragon (D:10)
  A vampire mosquito (D:7)
  Edmund (D:6)
  A soldier ant (D:10)
  Menkaure (D:6)
  A water moccasin (D:10)
  Duvessa (D:6)
  An ice beast (D:9)
  2 black bears
  6 orc warriors
  2 sky beasts
  3 ogres
  A necrophage (D:6)
  4 wolves (D:8)
  6 centaurs
  5 phantoms
  A kobold brigand (D:7)
  Dowan (D:6)
  4 bullfrogs
  5 scorpions
  5 killer bees (D:7)
  7 wights
  4 howler monkeys
  An electric eel (D:7)
  A quasit (D:5)
  2 bullfrog zombies
  7 hounds
  5 orc priests
  A centaur skeleton (D:8)
  2 bullfrog skeletons (D:7)
  5 iguanas
  3 worker ants
  6 orc wizards
  A hound skeleton (D:10)
  A worker ant zombie (D:9)
  3 gnolls (D:4)
  19 adders
  A shadow imp (D:8)
  4 white imps
  3 ufetubi
  3 oozes
  2 adder skeletons
  2 worms
  3 dart slugs
  4 leopard geckos
  41 orcs
  A ball python (D:5)
  5 bats
  4 giant cockroaches
  2 gnoll zombies (D:5)
  7 goblins
  3 hobgoblins
  9 jackals
  4 quokkas
  7 frilled lizards
  A giant cockroach zombie (D:6)
  5 kobolds
  A leopard gecko skeleton (D:6)
  A quokka skeleton (D:4)
  6 rats
252 creatures vanquished.

Vanquished Creatures (others)
  An orc (D:10)
1 creature vanquished.

Grand Total: 253 creatures vanquished

Notes
Turn   | Place    | Note
-------+----------+-------------------------------------------
     0 | D:1      | siradein the Draconian Transmuter began the quest for the
                  | Orb.
     0 | D:1      | Reached XP level 1. HP: 16/16 MP: 3/3
   126 | D:1      | Reached XP level 2. HP: 23/23 MP: 3/5
   571 | D:1      | Reached skill level 4 in Unarmed Combat
   976 | D:2      | Reached XP level 3. HP: 28/28 MP: 4/6
  1322 | D:2      | Found a broken altar of Ashenzari.
  1534 | D:2      | Reached XP level 4. HP: 25/35 MP: 5/7
  1788 | D:2      | Reached skill level 5 in Unarmed Combat
  2026 | D:2      | Found a burning altar of Makhleb.
  2026 | D:2      | Found a glowing silver altar of Zin.
  2028 | D:2      | Noticed an angel
  2028 | D:2      | Noticed an Executioner
  2033 | D:2      | Became a worshipper of Makhleb the Destroyer
  2147 | D:3      | Found a transporter.
  2198 | D:3      | Found a transporter.
  2285 | D:3      | Learned a level 2 spell: Wereblood
  2289 | D:3      | Learned a level 3 spell: Spider Form
  2729 | D:3      | Found a sparkling altar of Nemelex Xobeh.
  2852 | D:3      | Reached XP level 5. HP: 19/40 MP: 6/8
  3233 | D:4      | Reached skill level 6 in Unarmed Combat
  3234 | D:4      | Reached * piety under Makhleb
  3518 | D:4      | Reached XP level 6. HP: 32/47 MP: 7/9
  3726 | D:4      | Reached skill level 7 in Unarmed Combat
  3774 | D:4      | Found a stormy altar of Qazlal.
  4598 | D:5      | Entered Level 5 of the Dungeon
  4730 | D:5      | Found a shadowy altar of Dithmenos.
  4838 | D:5      | Found a basalt altar of Yredelemnul.
  4984 | D:5      | Reached skill level 8 in Unarmed Combat
  4984 | D:5      | Your scales start taking on an icy white colour.
  4984 | D:5      | Reached XP level 7. HP: 46/52 MP: 10/10
  4984 | D:5      | Gained mutation: Your flesh is cold resistant. (rC+) [White
                  | Draconian growth]
  5081 | D:5      | Found an iron altar of Okawaru.
  5520 | D:5      | Found a blossoming altar of Fedhas.
  5521 | D:5      | Found a hide-covered altar of Uskayaw.
  5522 | D:5      | Found an ancient bone altar of Kikubaaqudgha.
  5647 | D:5      | Reached skill level 9 in Unarmed Combat
  5979 | D:6      | Reached ** piety under Makhleb
  6042 | D:6      | Reached XP level 8. HP: 36/59 MP: 9/11
  6071 | D:6      | Reached skill level 10 in Unarmed Combat
  6166 | D:6      | Learned a level 4 spell: Ice Form
  6212 | D:6      | Found a bloodstained altar of Trog.
  6267 | D:6      | Noticed Duvessa
  6267 | D:6      | Noticed Dowan
  6278 | D:6      | Killed Duvessa
  6290 | D:6      | Killed Dowan
  6682 | D:6      | Identified the +1 whip of Sise {antimagic, rElec Will+
                  | Dex+4 Stlth-}
  6846 | D:6      | Noticed Edmund
  6864 | D:6      | Killed Edmund
  7144 | D:6      | Reached skill level 11 in Unarmed Combat
  7144 | D:6      | Noticed Menkaure
  7151 | D:6      | Killed Menkaure
  7425 | D:7      | Reached XP level 9. HP: 61/64 MP: 10/12
  7432 | D:7      | Reached skill level 5 in Transmutations
  7605 | D:7      | Gained mutation: Your muscles are strong. (Str +2) [potion
                  | of mutation]
  7605 | D:7      | Gained mutation: You possess an exceptional clarity of
                  | mind. [potion of mutation]
  7605 | D:7      | Gained mutation: Your tail ends in a poisonous barb.
                  | [potion of mutation]
  7635 | D:7      | Reached *** piety under Makhleb
  7725 | D:7      | Found a staircase to the Ecumenical Temple.
  7734 | D:7      | Found an opulent altar of Gozag.
  8236 | D:7      | Killed an unseen horror
  8237 | D:7      | Reached skill level 12 in Unarmed Combat
  9083 | D:7      | Reached XP level 10. HP: 42/71 MP: 13/13
  9412 | D:8      | Found a runed translucent door.
  9413 | D:8      | Noticed sraybest's ghost (novice TrFi)
  9683 | D:8      | Identified the ring "Ofeggogo" {rElec MP+9 Str+3}
  9785 | D:8      | Noticed Erica
  9805 | D:8      | Killed Erica
  9976 | D:8      | Identified a scroll of acquirement
 10065 | D:8      | Noticed Grum
 10554 | D:8      | Killed Grum
 10617 | D:8      | Reached skill level 13 in Unarmed Combat
 10964 | D:9      | Noticed a two-headed ogre
 10977 | D:9      | Killed a two-headed ogre
 11190 | D:9      | Noticed Joseph
 11211 | D:9      | Killed Joseph
 11213 | D:9      | Reached **** piety under Makhleb
 11403 | D:9      | Noticed a two-headed ogre
 11416 | D:9      | Killed a two-headed ogre
 11867 | D:10     | Entered Level 10 of the Dungeon
 11867 | D:10     | Noticed Maggie
 12325 | D:9      | Reached skill level 10 in Transmutations
 12417 | D:10     | Reached XP level 11. HP: 45/77 MP: 14/14
 12768 | D:10     | Identified the +2 pair of gloves "Oroshrosk" {-Tele rCorr
                  | Stlth+}
 12942 | D:10     | Killed Maggie
 13154 | D:10     | Found a staircase to the Orcish Mines.
 13415 | D:10     | Reached skill level 14 in Unarmed Combat
 13440 | D:10     | Found a sparkling altar of Nemelex Xobeh.
 14402 | D:11     | Noticed a boulder beetle
 14420 | D:10     | Annihilated by a boulder beetle

Illustrated notes

Levels and vault maps discovered:
D:1:      psy_arrival_radial02, layout_loops_ring
D:2:      layout_loops_ring, grunt_temple_overflow_order_and_chaos_2,
          ashenzari_conservatory_becter
D:3:      gammafunk_wand_slinger, layout_rooms, nemelex_altar_shiori
D:4:      layout_loops_cross, marbit_many_paths, fountainhead
D:5:      layout_basic, okawaru_trees_1, lemuel_zombie_altar_yredelemnul,
          kennysheep_little_box, gammafunk_temple_overflow_forgotten,
          kennysheep_generic_room_7
D:6:      layout_basic, bloody_trog, kennysheep_cluttered_room, uniq_duvessa,
          uniq_menkaure, uniq_edmund
D:7:      minmay_chambers_of_sixes, layout_rooms, general_overflow_altar,
          minmay_temple_entry_mini_moons, kennysheep_opposing_triangles
D:8:      layout_gridville, ebering_ghost_inner_flame, serial_park_tiny_pond,
          uniq_erica, uniq_grum
D:9:      layout_small_grid, uniq_joseph
D:10:     layout_roguey, orc_0_dummy, basic_altar, special_room
          [special_room_orc], uniq_maggie
D:11:     lemuel_ogre_cave, layout_loops_ring, due_lair_maze_entry_diamond,
          nicolae_trove_entry_crystal, nrook_pool_corridor, uniq_sonja,
          uniq_urug

Skill      XL: |  1  2  3  4  5  6  7  8  9 10 11 |
---------------+----------------------------------+-----
Unarmed Combat | 4 5 6 8 9 11 12 13 14 | 14.1
Transmutations | 4 7 10 | 10.7
Fighting       | |  1.1
Dodging        | |  1.7
Spellcasting   | |  2.0

Action                   |  1- 3 |  4- 6 |  7- 9 | 10-12 || total
-------------------------+-------+-------+-------+-------++-------
Melee: Unarmed           |    94 |   197 |   291 |   251 ||   833
       Kick              |    11 |    32 |    76 |    38 ||   157
       Tailslap          |     8 |    19 |    38 |    17 ||    82
       Headbutt          |     6 |    28 |    41 |    27 ||   102
       Punch             |     1 |       |    11 |    10 ||    22
 Cast: Beastly Appendage |    19 |    33 |    33 |    24 ||   109
       Spider Form       |       |       |       |    15 ||    15
       Wereblood         |       |       |       |     4 ||     4
 Abil: Breathe Frost     |       |       |     8 |       ||     8
  Use: Potion            |       |     1 |     2 |     1 ||     4
       Scroll            |       |       |    13 |    10 ||    23
 Stab: Sleeping          |       |       |     1 |       ||     1
Armor: Skin              |    27 |    63 |    67 |    41 ||   198
Dodge: Dodged            |    57 |   113 |   145 |   122 ||   437

Table legend: (Time is in decaauts)
 A = Elapsed time spent in this place.
 B = Non-inter-level travel time spent in this place.
 C = Inter-level travel time spent in this place.
 D = Time resting spent in this place.
 E = Time spent auto-exploring this place.
 F = Levels seen in this place.
 G = Mean time per level.
                   A        B        C        D        E       F      G
               +--------+--------+--------+--------+--------+-----+--------+
         Total |  14282 |  13976 |    306 |   1594 |   9950 |  11 | 1298.4 |
       Dungeon |  14282 |  13976 |    306 |   1594 |   9950 |  11 | 1298.4 |
               +--------+--------+--------+--------+--------+-----+--------+

Top non-repeatable levels by time:
     D:7: 1949 daAuts
    D:10: 1753 daAuts
     D:9: 1699 daAuts
     D:8: 1555 daAuts
     D:6: 1412 daAuts
     D:3: 1334 daAuts
     D:5: 1314 daAuts
     D:2: 1264 daAuts
     D:4: 1156 daAuts
     D:1: 819 daAuts
    D:11: 23 daAuts
